AoeStats
← Accor

Nomad

509950332Analyzed
4v4 RM · 3d ago on Sep 28, 2026· 73m 0s· 8 players
Game mode
Random Map
Map size
231×231
Population
200
Speed
Normal
Resources
Standard
Victory
Conquest
Starting age
Dark Age
Ending age
Imperial Age
RankedLock teamsTeams togetherTeam positionsShared explorationLock speedFull tech treeHidden civsTurbo modeCheats
Victory
Defeat
🇹🇷 Chinese · Türkiye
1023
+13
🇫🇷 Dravidians · France
1021
+13
🇬🇧 Mongols · United Kingdom
990
+15
🇦🇷 Byzantines · Argentina
902
+18
🇩🇪 Italians · Germany
979
-16
🇩🇪 Persians · Germany
966
-15
🇹🇷 Chinese · Türkiye
948
-14
🇱🇻 Khmer · Latvia
937
-14
MasterEdzis
15:42 Feudal Age
16:22 Double-Bit Axe
21:22 Castle Age
20:58 Bloodlines
21:06 Scale Barding Armor
21:11 Forging
23:34 Husbandry
22:56 Light Cavalry
24:00 Chain Barding Armor
25:00 Bow Saw
26:23 Wheelbarrow
26:13 Horse Collar
26:57 Town Watch
28:03 Hand Cart
29:47 Town Patrol
31:36 Iron Casting
34:45 Imperial Age
33:20 Heavy Plow
35:37 Ballistics
35:40 Hussar
35:47 Heavy Scorpion
39:47 Siege Engineers
41:53 Crop Rotation
42:20 Plate Barding Armor
42:46 Blast Furnace
44:34 Chemistry
48:19 Double Crossbow
50:43 Conscription
ButterMyHead
9:25 Loom
14:34 Feudal Age
18:59 Castle Age
16:46 Horse Collar
19:51 Double-Bit Axe
21:15 Fishing Lines
22:51 Heavy Plow
23:45 Loom
25:55 Bow Saw
31:55 Wheelbarrow
35:12 Gold Mining
36:33 Stone Mining
38:06 Gold Shaft Mining
37:25 Crossbowman
39:05 Stone Shaft Mining
38:34 Elite Skirmisher
40:04 Thumb Ring
40:17 Elite Skirmisher
41:19 Scale Barding Armor
42:22 Hand Cart
42:48 Bloodlines
47:11 Imperial Age
44:27 Town Watch
48:10 Town Patrol
49:59 Two-Man Saw
49:33 Cavalier
50:34 Murder Holes
51:44 Chemistry
50:32 Light Cavalry
53:21 Savar
59:22 Capped Ram
Jeanne d'Arc
5:45 Loom
13:38 Feudal Age
19:11 Castle Age
17:35 Horse Collar
17:46 Double-Bit Axe
18:05 Gold Mining
18:09 Stone Mining
21:11 Bow Saw
21:04 Heavy Plow
21:43 Stone Shaft Mining
22:12 Wheelbarrow
32:06 Imperial Age
29:52 Hand Cart
29:22 Crossbowman
31:53 Ballistics
31:43 Thumb Ring
34:04 Padded Archer Armor
33:55 Fletching
33:32 Arbalester
35:13 Crop Rotation
35:49 Two-Man Saw
36:16 Chemistry
37:01 Leather Archer Armor
36:42 Bodkin Arrow
36:15 Elite Genoese Crossbowman
61:58 Ring Archer Armor
61:29 Bracer
63:51 Onager
King Lear
4:25 Loom
18:32 Feudal Age
21:14 Double-Bit Axe
21:22 Horse Collar
23:15 Stone Mining
24:29 Fishing Lines
29:12 Castle Age
Accor
6:46 Loom
18:11 Feudal Age
20:33 Stone Mining
23:03 Castle Age
21:35 Forging
21:26 Scale Mail Armor
21:37 Padded Archer Armor
21:29 Fletching
21:59 Double-Bit Axe
23:50 Bodkin Arrow
24:12 Scale Mail Armor
26:18 Chain Mail Armor
26:14 Forging
26:41 Bow Saw
36:40 Imperial Age
35:34 Wheelbarrow
35:59 Fishing Lines
37:45 Drill
37:46 Conscription
41:12 Siege Engineers
41:48 Parthian Tactics
41:29 Thumb Ring
41:35 Gold Mining
42:24 Onager
44:52 Chemistry
47:18 Leather Archer Armor
47:03 Bracer
49:57 Ballistics
49:14 Elite Mangudai
56:36 Town Watch
72:22 Hand Cart
72:07 Town Patrol
Slayer30
5:03 Loom
15:44 Feudal Age
16:42 Double-Bit Axe
16:46 Fishing Lines
19:52 Castle Age
17:53 Horse Collar
19:29 Wheelbarrow
18:40 Town Watch
19:17 Stone Mining
19:17 Gold Mining
22:17 Bow Saw
26:16 Imperial Age
26:06 Hand Cart
25:55 Gillnets
26:37 Pikeman
27:18 Squires
27:41 Conscription
27:29 Fletching
27:41 Scale Mail Armor
27:51 Forging
29:31 Halberdier
34:43 Two-Man Saw
37:01 Chain Mail Armor
38:06 Iron Casting
38:53 Plate Mail Armor
41:42 Wootz Steel
42:30 Chemistry
41:51 Ballistics
42:38 Blast Furnace
41:43 Bodkin Arrow
42:52 Medium Warships
42:58 Careening
42:59 Clinker Construction
43:01 Masonry
43:03 Siphons
42:53 Arson
43:19 Medical Corps
43:36 Medical Corps
44:30 Heavy Plow
44:01 Elite Elephant Archer
44:49 Thumb Ring
45:07 Bracer
45:07 Padded Archer Armor
46:32 Husbandry
47:32 Heavy Warships
55:39 Light Cavalry
72:21 Elite Urumi Swordsman
Crimson_Tide
4:02 Loom
14:35 Feudal Age
15:59 Wheelbarrow
20:08 Castle Age
18:35 Fishing Lines
19:33 Stone Mining
21:19 Hand Cart
22:53 Double-Bit Axe
24:38 Bow Saw
25:41 Gold Mining
27:19 Gillnets
26:52 Demolition Ship
27:03 Demolition Ship
27:33 Horse Collar
32:19 Imperial Age
30:00 Heavy Plow
30:50 Fletching
31:01 Padded Archer Armor
31:01 Scale Mail Armor
31:12 Forging
31:07 Scale Barding Armor
31:08 Great Wall
31:18 Town Watch
32:58 Gold Shaft Mining
32:55 Bodkin Arrow
33:16 Leather Archer Armor
33:27 Conscription
33:27 Rocketry
33:52 Stone Shaft Mining
34:37 Elite Chu Ko Nu
37:21 Ballistics
38:02 Chemistry
36:58 Murder Holes
37:14 Masonry
39:40 Bracer
40:11 Ring Archer Armor
39:56 Chain Mail Armor
40:17 Iron Casting
40:02 Chain Barding Armor
41:34 Squires
40:56 Elite Fire Lancer
41:22 Arson
40:57 Pikeman
41:04 Pikeman
44:16 Two-Man Saw
44:22 Thumb Ring
43:38 Elite Skirmisher
48:57 Caravan
57:57 Halberdier
CheLoco3552
16:16 Feudal Age
16:45 Double-Bit Axe
17:40 Fishing Lines
25:08 Castle Age
23:14 Stone Mining
26:07 Medium Warships
27:30 Gillnets
27:53 Gold Mining
31:24 Imperial Age
31:56 Bow Saw
33:45 Wheelbarrow
37:27 Scale Mail Armor
37:41 Forging
38:54 Chain Mail Armor
38:01 Pikeman
39:40 Iron Casting
38:41 Halberdier
39:52 Fletching
40:47 Arson
41:20 Padded Archer Armor
41:16 Elite Skirmisher
44:18 Bodkin Arrow
45:44 Bracer
46:27 Plate Mail Armor
50:01 Gold Shaft Mining
52:15 Leather Archer Armor
54:43 Squires
55:22 Ring Archer Armor
65:35 Hand Cart
69:05 Scale Barding Armor
70:37 Chain Barding Armor
72:18 Spies/Treason
Connection lost

Rejoining the realm…

Still unreachable

The connection could not be restored.

Session expired

The server has moved on; the page needs a fresh start.